 Dungeon Crawl Stone Soup version 0.21.1-1-g345015f (webtiles) character file.

10358 Monsterracer the Tainter (level 11, 0/72 HPs)
             Began as an Octopode Venom Mage on June 12, 2018.
             Was a High Priest of Okawaru.
             Slain by an ice beast (7 damage)
             ... summoned by an ice statue
             ... in an ice cave.
             The game lasted 00:34:42 (16404 turns).

Monsterracer the Tainter (Octopode Venom Mage)     Turns: 16404, Time: 00:34:43

Health: 0/72       AC:  1    Str:  7    XL:     11   Next: 60%
Magic:  20/20      EV: 25    Int: 20    God:    Okawaru [*****.]
Gold:   570        SH:  0    Dex: 14    Spells: 6/22 levels left

rFire    x . .     SeeInvis .     - Unarmed
rCold    + . .     Gourm    .   (no shield)
rNeg     . . .     Faith    .   (helmet restricted)
rPois    .         Spirit   .   (no amulet)
rElec    +         Reflect  .   e - +6 ring of evasion
rCorr    +         Harm     .   u - ring of wizardry
MR       +....                  l - ring of Trepidation {Ice rElec}
Stlth    +++++++...             n - ring of stealth
HPRegen  0.22/turn              A - ring of protection from magic {!d}
MPRegen  0.17/turn              I - ring of resist corrosion
                                (no ring)
                                (no ring)

@: heroism
A: almost no armour, stealthy swim, amphibious, 8 rings, constrict 8, camouflage
1, gelatinous body 1
a: Heroism, Finesse, Renounce Religion


You were in an ice cave.
You worshipped Okawaru.
Okawaru was extremely pleased with you.
You were not hungry.

You visited 2 branches of the dungeon, and saw 10 of its levels.
You also visited: Ossuary and Ice Cave.

You collected 700 gold pieces.
You spent 130 gold pieces at shops.

Inventory:

Armour
 H - the -7 buckler "Caecoykk" {-Cast rF++ MR+}
   (Okawaru gifted it to you in an ice cave)

   It greatly protects you from fire.
   It affects your resistance to hostile enchantments.
   It prevents spellcasting.
Jewellery
 e - a +6 ring of evasion (left tentacle)
 l - the ring of Trepidation (on tentacle) {Ice rElec}
   (You found it on level 5 of the Dungeon)

   [ring of ice]

   It enhances your ice magic.
   It makes you vulnerable to fire.
   It protects you from cold.
   It insulates you from electricity.
 n - a ring of stealth (on tentacle)
 s - the ring "Qas Lusm" {rElec rF- rC- rN+ Dex+6 Slay+3}
   (You found it in an ossuary)

   [ring of slaying]

   It affects your dexterity (+6).
   It affects your accuracy and damage with ranged weapons and melee attacks
   (+3).
   It makes you vulnerable to fire.
   It makes you vulnerable to cold.
   It insulates you from electricity.
   It protects you from negative energy.
 u - a ring of wizardry (right tentacle)
 A - a ring of protection from magic (on tentacle) {!d}
 I - a ring of resist corrosion (on tentacle)
Wands
 g - a wand of flame (43)
 y - a wand of digging (21)
 C - a wand of acid (9)
 E - a wand of polymorph (14)
Scrolls
 f - 3 scrolls of blinking
 i - 3 scrolls of magic mapping {!r}
 k - 7 scrolls of teleportation
 q - a scroll of enchant armour
 w - a scroll of remove curse
 z - a scroll of enchant weapon
 B - 2 scrolls of identify
 F - a scroll of amnesia
Potions
 a - 7 potions of curing
 b - 2 potions of mutation {!q}
 d - 2 potions of ambrosia {!q}
 h - 4 potions of flight
 j - 3 potions of lignification
 m - a potion of haste
 o - a potion of invisibility
 p - 4 potions of heal wounds
 r - 2 potions of might
 t - a potion of brilliance
 v - 2 potions of magic
 x - a potion of resistance
Books
 D - a book of Geomancy

   Spells                             Type                      Level
   a - Sandblast                      Earth                        1
   b - Passwall                       Transmutation/Earth          2
   c - Stone Arrow                    Conjuration/Earth            3
   d - Petrify                        Transmutation/Earth          4
   e - Lee's Rapid Deconstruction     Earth                        5
 G - a book of Clouds

   Spells                             Type                      Level
   a - Poisonous Vapours              Poison/Air                   2
   b - Mephitic Cloud                 Conjuration/Poison/Air       3
   c - Conjure Flame                  Conjuration/Fire             3
   d - Freezing Cloud                 Conjuration/Ice/Air          6
   e - Ring of Flames                 Charms/Fire                  7
Comestibles
 c - 17 rations


   Skills:
 + Level 5.7(10.7) Fighting
 + Level 4.7(9.7) Dodging
 + Level 6.3(11.3) Stealth
 * Level 8.4(13.4) Unarmed Combat
 + Level 6.3 Spellcasting
 - Level 3.1 Conjurations
 - Level 3.0 Charms
 - Level 3.0 Air Magic
 - Level 10.0 Poison Magic
 + Level 5.3 Invocations
 - Level 5.0 Evocations


You had 6 spell levels left.
You knew the following spells:

 Your Spells              Type           Power        Failure   Level  Hunger
a - Poisonous Vapours     Pois/Air       ####..       1%          2    None
b - Conjure Flame         Conj/Fire      ##......     6%          3    ##.....
c - Mephitic Cloud        Conj/Pois/Air  ####....     1%          3    ##.....
d - Olgreb's Toxic Radia  Pois           #####...     1%          4    ####...
u - Swiftness             Chrm/Air       ###.....     1%          2    None
x - Passwall              Tmut/Erth      #.........   6%          2    None


Dungeon Overview and Level Annotations

Branches:
Dungeon (9/15)             Temple (0/1) D:6            Lair (1/6) D:9
    Orc: D:9-12

Altars:
Ashenzari
Cheibriados
Elyvilon
Fedhas
Kikubaaqudgha
Makhleb
Okawaru
Ru
Trog
Uskayaw
Xom
Yredelemnul
Zin

Shops:
D:6 !

Annotations:
D:5 2 transporters IceCv exclusion: 3 ice statues


Innate Abilities, Weirdness & Mutations

You cannot wear most types of armour.
You are very stealthy in the water. (Stealth+)
You are amphibious.
You can wear up to eight rings at the same time.
You can use your tentacles to constrict eight enemies at once.
Your skin changes colour to match your surroundings (Stealth+).
Your rubbery body absorbs attacks. (AC +1, EV +1)


Message History

The shard of ice hits you! You partially resist.
You take 18 damage, and have 54/72 hp.
MASSIVE DAMAGE!!
You start resting.
HP restored.
Health restored: 72 Really walk into a travel-excluded area?
The ice statue gestures at you. The bolt of cold hits you! You resist.
You take 8 damage, and have 64/72 hp.
You start resting.
HP restored.
Health restored: 72 Really walk into a travel-excluded area?
The ice statue gestures at you. The shard of ice misses you.
The ice statue glitters chillingly in the dim dungeon light.
The ice statue gestures.
The ice statue gestures.
The ice beast misses you. The ice beast completely misses you.
You tentacle-slap the ice statue but do no damage.
You tentacle-slap the ice statue, but do no damage.
The ice statue glitters chillingly in the dim dungeon light.
The ice statue gestures at you.
You gain the combat prowess of a mighty hero.
The ice beast misses you.
The ice statue gestures. x2
You now have 18/20 mp.
You tentacle-slap the ice statue but do no damage.
You tentacle-slap the ice statue.
The ice statue is lightly damaged.
The ice beast completely misses you.
You tentacle-slap the ice statue. You squeeze the ice statue.
The ice statue is lightly damaged.
The ice statue glitters chillingly in the dim dungeon light.
The ice statue gestures.
The ice beast hits you. The ice beast freezes you. You resist.
The ice beast hits you. The ice beast freezes you. You resist.
You take 11 damage, and have 61/72 hp.
You tentacle-slap the ice statue but do no damage.
You tentacle-slap the ice statue, but do no damage.
The ice statue is lightly damaged.
The ice beast misses you. The ice beast closely misses you.
The ice beast barely misses you. The ice beast completely misses you.
You tentacle-slap the ice beast.
The ice beast is moderately wounded.
The ice beast closely misses you. The ice beast misses you.
The ice beast closely misses you.
You tentacle-slap the ice beast but do no damage.
The ice beast is moderately wounded.
The ice beast misses you. The ice beast completely misses you.
You tentacle-slap the ice beast but do no damage.
You tentacle-slap the ice beast, but do no damage.
The ice beast is moderately wounded.
The ice beast hits you. The ice beast freezes you. You resist.
The ice beast completely misses you. The ice beast hits you.
The ice beast freezes you. You resist. The ice beast barely misses you.
You take 12 damage, and have 50/72 hp.
You bludgeon the ice beast!
Your tentacle-slap misses the ice beast.
You squeeze the ice beast!
The ice beast is almost dead.
The ice statue gestures at you. The shard of ice misses you.
The shard of ice hits the ice beast.
The ice beast partially resists.
The ice beast completely misses you. The ice beast hits you.
The ice beast freezes you. You resist. The ice beast completely misses you.
You take 6 damage, and have 44/72 hp.
You closely miss the ice beast.
You kill the ice beast!
The ice beast barely misses you. x2; The ice beast hits you.
The ice beast freezes you. You resist.
You take 6 damage, and have 38/72 hp.
The ice statue gestures.
The ice beast completely misses you.
You tentacle-slap the ice statue.
The ice statue is lightly damaged.
The ice beast completely misses you. The ice statue gestures at you.
The bolt of cold misses you. The ice beast hits you.
* * * LOW HITPOINT WARNING * * *
The ice beast freezes you. You resist.
* * * LOW HITPOINT WARNING * * *
The ice beast misses you. The ice statue gestures at you.
You take 7 damage, and have 31/72 hp.
You are engulfed in freezing vapours.
You resist.
* * * LOW HITPOINT WARNING * * *
The ice beast misses you.
The ice statue gestures.
You take 12 damage, and have 19/72 hp.
MP restored: 20 You are engulfed in freezing vapours.
You resist.
* * * LOW HITPOINT WARNING * * *
The ice statue glitters chillingly in the dim dungeon light.
The ice beast hits you.
* * * LOW HITPOINT WARNING * * *
The ice beast freezes you! You resist.
You die...

###8###
##.....##
##.Y.....##
#.........#
#.........#
#...§.....#
#.§§Y§....#
#8§YY§...8#
#####@#####
#[.......(#
#.........#
#(........#
#.........#
#.........#
##.......##
##.....##
###.###


You could see 2 ice statues and 4 ice beasts.

Vanquished Creatures
  A centaur warrior (D:9)
  A two-headed ogre (D:9)
  An ugly thing (IceCv)
  The ghost of tidbits the Sneak, a novice GnEn of Cheibriados (D:7)
  A black mamba (Lair:1)
  2 rime drakes (Lair:1)
  An efreet (D:9)
  Prince Ribbit (D:8)
  A hornet (D:9)
  2 hippogriffs (D:7)
  Grinder (D:6)
  2 steam dragons
  A hungry ghost (D:8)
  2 insubstantial wisps (D:9)
  A porcupine (D:9)
  10 ice beasts
  3 orc warriors
  5 sky beasts
  A hornet zombie (D:9)
  A phantom (D:7)
  2 black bears
  7 ogres
  2 centaurs
  7 bullfrogs
  2 big kobolds (D:8)
  A wyvern zombie (Ossuary)
  4 scorpions
  3 vampire bats (D:6)
  A howler monkey (D:8)
  2 centaur zombies
  4 crimson imps
  3 bullfrog zombies
  A hound (D:4)
  3 orc wizards (D:9)
  7 orc priests
  3 jellies
  A bullfrog skeleton (D:5)
  A centaur skeleton (D:6)
  3 iguanas
  5 worker ants
  2 killer bee zombies
  2 hound zombies (Ossuary)
  22 mummies
  8 gnolls
  6 adders
  A shadow imp (D:7)
  2 oozes
  3 adder zombies
  An adder skeleton (D:8)
  3 worms
  2 dart slugs
  5 leopard geckos
  28 orcs
  3 ball pythons
  3 bat skeletons (D:6)
  3 bat zombies (D:6)
  4 giant cockroaches (D:3)
  2 gnoll zombies (D:8)
  8 goblins
  6 hobgoblins
  6 jackals
  4 quokkas
  6 bats
  3 frilled lizards
  16 kobolds
  2 kobold zombies (D:5)
  A quokka skeleton (D:5)
  3 quokka zombies (Ossuary)
  4 rats
260 creatures vanquished.

Vanquished Creatures (others)
  A shadow imp (D:8)
  A quokka (D:9)
2 creatures vanquished.

Grand Total: 262 creatures vanquished

Notes
Turn   | Place    | Note
-------+----------+-------------------------------------------
     0 | D:1      | Monsterracer the Octopode Venom Mage began the quest for the Orb.
     0 | D:1      | Reached XP level 1. HP: 11/11 MP: 3/3
   283 | D:1      | Reached skill level 4 in Poison Magic
   283 | D:1      | Reached XP level 2. HP: 16/17 MP: 5/5
   622 | D:1      | Learned a level 2 spell: Poisonous Vapours
   935 | D:1      | Reached XP level 3. HP: 16/21 MP: 3/6
   940 | D:1      | Learned a level 3 spell: Mephitic Cloud
  1203 | D:2      | HP: 9/21 [gnoll/spear (6)]
  1299 | D:1      | HP: 8/21 [gnoll/flail (7)]
  1491 | D:1      | HP: 10/21 [gnoll/whip (3)]
  1494 | D:1      | Reached XP level 4. HP: 13/27 MP: 0/7
  1786 | D:2      | Found an iron altar of Okawaru.
  1986 | D:2      | Became a worshipper of Warmaster Okawaru
  2570 | D:2      | Found a glowing silver altar of Zin.
  2570 | D:2      | Noticed an angel
  2679 | D:3      | Reached skill level 5 in Poison Magic
  2798 | D:3      | Reached XP level 5. HP: 23/31 MP: 5/9
  3043 | D:3      | Learned a level 4 spell: Olgreb's Toxic Radiance
  3522 | D:3      | Reached skill level 1 in Unarmed Combat
  3527 | D:3      | Reached XP level 6. HP: 35/36 MP: 3/10
  3598 | D:3      | Found a hide-covered altar of Uskayaw.
  3888 | D:4      | Reached * piety under Okawaru
  3934 | D:4      | Reached skill level 6 in Poison Magic
  4335 | D:4      | Reached XP level 7. HP: 41/41 MP: 4/12
  4470 | D:5      | Entered Level 5 of the Dungeon
  4482 | D:5      | HP: 16/41 [ice beast (12)]
  4492 | D:5      | HP: 15/41 [quokka skeleton (3)]
  4507 | D:5      | Learned a level 2 spell: Swiftness
  4690 | D:5      | Found a sand-covered staircase.
  4696 | D:5      | HP: 19/42 [mummy (16)]
  4702 | D:5      | Got a clouded tin ring
  4703 | D:5      | Identified the ring of Trepidation {Ice rElec} (You found it on level 5 of the Dungeon)
  4863 | Ossuary  | Entered an ossuary
  4898 | Ossuary  | Reached skill level 1 in Evocations
  4903 | Ossuary  | Reached skill level 1 in Fighting
  4913 | Ossuary  | Reached skill level 7 in Poison Magic
  4965 | Ossuary  | Reached ** piety under Okawaru
  5234 | Ossuary  | Reached XP level 8. HP: 46/48 MP: 13/13
  5266 | Ossuary  | HP: 15/49 [bog mummy (14)]
  5509 | Ossuary  | Got a twitching granite ring
  5510 | Ossuary  | Identified the ring "Qas Lusm" {rElec rF- rC- rN+ Dex+6 Slay+3} (You found it in an ossuary)
  5858 | D:5      | HP: 23/50 [acid (9)]
  5866 | D:5      | HP: 19/50 [acid (3)]
  6159 | D:5      | HP: 25/50 [centaur zombie (3)]
  6276 | D:5      | HP: 22/51 [worker ant (7)]
  6281 | D:5      | HP: 19/51 [poisoned by a worker ant]
  6286 | D:5      | Reached skill level 1 in Air Magic
  6286 | D:5      | Reached *** piety under Okawaru
  6286 | D:5      | Reached skill level 8 in Poison Magic
  6288 | D:5      | HP: 18/51 [poisoned by a worker ant]
  6295 | D:5      | HP: 17/51 [poisoned by a worker ant]
  6303 | D:5      | HP: 14/51 [poisoned by a worker ant]
  6595 | D:5      | Noticed a kobold demonologist
  6596 | D:5      | Found a transporter.
  6599 | D:5      | Found a transporter.
  6693 | D:5      | Found a bloodstained altar of Trog.
  6771 | D:5      | Found a blossoming altar of Fedhas.
  6899 | D:6      | Found Ciwkojee's Distillery.
  6930 | D:6      | Bought 2 potions of heal wounds for 130 gold pieces
  6964 | D:6      | Reached XP level 9. HP: 55/55 MP: 6/15
  7046 | D:6      | Found a shimmering altar of Xom.
  7161 | D:6      | Reached skill level 1 in Invocations
  7274 | D:6      | Noticed Grinder
  7288 | D:6      | Killed Grinder
  7288 | D:6      | Reached skill level 5 in Unarmed Combat
  7852 | D:6      | Found a staircase to the Ecumenical Temple.
  7988 | D:6      | Found a white marble altar of Elyvilon.
  8046 | D:6      | Found an ancient bone altar of Kikubaaqudgha.
  8256 | D:7      | Reached skill level 9 in Poison Magic
  8259 | D:7      | HP: 27/57 [ice beast (13)]
  8658 | D:7      | HP: 26/57 [hippogriff (8)]
  8682 | D:7      | Reached **** piety under Okawaru
  8682 | D:7      | Reached skill level 5 in Spellcasting
  8987 | D:7      | Noticed tidbits's ghost (novice GnEn)
  9026 | D:7      | HP: 28/58 [tidbits's ghost (3)]
  9032 | D:7      | HP: 17/58 [tidbits's ghost (5)]
  9038 | D:7      | Killed tidbits's ghost
  9038 | D:7      | Reached XP level 10. HP: 18/63 MP: 14/17
  9391 | D:7      | Found a burning altar of Makhleb.
  9394 | D:7      | Found a shattered altar of Ashenzari.
  9394 | D:7      | Found a snail-covered altar of Cheibriados.
  9652 | D:7      | HP: 26/63 [hippogriff (6)]
  9656 | D:7      | HP: 5/63 [hippogriff (9)]
  9670 | D:7      | HP: 5/63 [phantom (1)]
 10128 | D:7      | Found a sacrificial altar of Ru.
 10298 | D:8      | HP: 29/63 [something (5)]
 10661 | D:8      | Noticed Prince Ribbit
 10669 | D:8      | HP: 11/64 [something/ball of steam (24)]
 11135 | D:8      | Learned a level 2 spell: Passwall
 11160 | D:8      | Found a basalt altar of Yredelemnul.
 11326 | D:8      | HP: 30/65 [Prince Ribbit (13)]
 11329 | D:8      | Killed Prince Ribbit
 11329 | D:8      | Reached skill level 10 in Poison Magic
 11970 | D:9      | Found a white marble altar of Elyvilon.
 12164 | D:9      | Reached ***** piety under Okawaru
 12188 | D:9      | HP: 32/65 [insubstantial wisp (5)]
 12357 | D:9      | HP: 24/65 [efreet/bolt of fire (36)]
 12363 | D:9      | HP: 8/97 [efreet/bolt of fire (12)]
 12365 | D:9      | Reached skill level 1 in Charms
 12370 | D:9      | HP: 3/97 [orc/silver tomahawk (3)]
 12370 | D:9      | HP: 1/97 [orc/silver tomahawk (2)]
 12633 | D:9      | HP: 31/65 [sky beast (6)]
 12639 | D:8      | HP: 18/65 [something (4)]
 12918 | D:9      | Reached skill level 5 in Evocations
 12935 | D:9      | HP: 32/65 [insubstantial wisp/static electricity (7)]
 13162 | D:9      | HP: 28/65 [black bear (5)]
 13399 | D:9      | Found a sacrificial altar of Ru.
 13408 | D:9      | Reached skill level 5 in Stealth
 13408 | D:9      | Reached XP level 11. HP: 57/70 MP: 10/19
 13502 | D:9      | Noticed a two-headed ogre
 13515 | D:9      | Reached skill level 5 in Fighting
 13524 | D:9      | Killed a two-headed ogre
 13526 | D:9      | HP: 34/71 [adder zombie (4)]
 13698 | D:9      | HP: 34/71 [hornet zombie (8)]
 14039 | D:9      | Noticed a centaur warrior
 14050 | D:9      | HP: 27/72 [centaur warrior (12)]
 14052 | D:9      | HP: 9/72 [centaur warrior (10)]
 14057 | D:9      | HP: 8/72 [centaur warrior (4)]
 14058 | D:9      | Killed a centaur warrior
 14591 | D:9      | Found a staircase to the Lair.
 14910 | Lair:1   | Entered Level 1 of the Lair of Beasts
 14965 | Lair:1   | HP: 36/72 [poisoned by a black mamba]
 14970 | Lair:1   | HP: 30/72 [poisoned by a black mamba]
 14974 | Lair:1   | Learned a level 3 spell: Conjure Flame
 14975 | Lair:1   | HP: 25/72 [poisoned by a black mamba]
 14980 | Lair:1   | HP: 30/72 [poisoned by a black mamba]
 14985 | Lair:1   | HP: 33/72 [poisoned by a black mamba]
 14990 | Lair:1   | HP: 32/72 [poisoned by a black mamba]
 14997 | Lair:1   | HP: 31/72 [poisoned by a black mamba]
 15005 | Lair:1   | HP: 31/72 [poisoned by a black mamba]
 15130 | Lair:1   | Reached skill level 5 in Invocations
 15257 | Lair:1   | Found a frozen archway.
 15260 | Lair:1   | HP: 30/72 [rime drake/flash freeze (22)]
 15452 | IceCv    | Entered an ice cave
 15834 | IceCv    | Received a gift from Okawaru
 15835 | IceCv    | Got a fine buckler {god gift}
 15841 | IceCv    | Identified the -7 buckler "Caecoykk" {-Cast rF++ MR+} (Okawaru gifted it to you in an ice cave)
 16060 | IceCv    | Noticed a white ugly thing
 16080 | IceCv    | Killed a white ugly thing
 16402 | IceCv    | HP: 34/72 [ice beast[an ice statue] (4)]
 16404 | IceCv    | HP: 10/72 [ice statue] (9)]
 16404 | IceCv    | Slain by an ice beast

Skill      XL: |  1  2  3  4  5  6  7  8  9 10 11 |
---------------+----------------------------------+-----
Poison Magic   | 4 5 6 7 8 9 10 | 10.0
Stealth        | 3 4 5 6 |  6.3
Conjurations   | 2 3 |  3.1
Unarmed Combat | 1 2 3 4 6 7 8 |  8.4
Spellcasting   | 3 4 5 6 |  6.3
Evocations     | 1 3 4 5 |  5.0
Fighting       | 1 2 3 4 5 |  5.7
Air Magic      | 1 3 |  3.0
Invocations    | 2 4 5 |  5.3
Dodging        | 3 4 |  4.7
Charms         | 1 3 |  3.0

Action                   |  1- 3 |  4- 6 |  7- 9 | 10-12 || total
-------------------------+-------+-------+-------+-------++-------
Melee: Mace              |    24 |    11 |       |       ||    35
       Constrict         |     7 |    10 |    53 |    39 ||   109
       Tentacles         |     1 |     5 |    43 |    81 ||   130
       Spear             |       |    46 |     7 |       ||    53
       Punch             |       |     1 |     9 |    16 ||    26
       Flail             |       |       |   101 |       ||   101
       Unarmed           |       |       |   186 |   430 ||   616
Throw: Throwing net      |       |       |       |     1 ||     1
 Cast: Sting             |    42 |    37 |       |       ||    79
       Poisonous Vapours |     1 |    31 |    23 |    31 ||    86
       Olgreb's Toxic Ra |       |     2 |     8 |    19 ||    29
       Mephitic Cloud    |       |       |     1 |     9 ||    10
Invok: Heroism           |       |       |     5 |    10 ||    15
       Finesse           |       |       |       |     1 ||     1
Evoke: Wand              |       |       |     7 |     3 ||    10
  Use: Scroll            |     4 |     8 |     9 |     8 ||    29
       Potion            |       |       |       |     4 ||     4
 Stab: Sleeping          |     2 |     2 |     9 |     6 ||    19
       Confused          |       |       |       |    12 ||    12
       Distracted        |       |       |       |     1 ||     1
       Held in net/web   |       |       |       |     1 ||     1
  Eat: Chunk             |     1 |    12 |     7 |    13 ||    33
       Ration            |       |       |     3 |     5 ||     8
Armor: Skin              |     5 |     3 |    16 |    12 ||    36
Dodge: Dodged            |    34 |    49 |   242 |   304 ||   629

Vault maps used:
D:1:      sevenhm_arrival_forest_fort_small_4
D:2:      zin_angel, first_ration, okawaru_metal_pillars_1_2
D:3:      eat_drink_and_be_merry_uskayaw, kennysheep_nub,
          minmay_misc_feat_square, kennysheep_cross_bottleneck
D:4:      minmay_wonky_spiral
D:5:      gammafunk_wand_slinger, fedhas_altar_fruit_tree, kennysheep_mini,
          nicolae_ossuary_entry_giza, grunt_ministairs_9,
          kennysheep_generic_room_3
D:6:      kennysheep_vampire_church, xom_teletrap_fun, temple_green,
          basic_altar, serial_shops, shop, uniq_grinder
D:7:      grunt_temple_overflow_open, grunt_ogre_cave, nicolae_ru_path_of_blood
D:8:      lemuel_zombie_altar_yredelemnul, uniq_prince_ribbit1
D:9:      nicolae_overflow_crystal_walls, elyvilon_altar_4,
          grunt_lair_entry_orc_guard_hut, hangedman_misty_isle
Lair:1:   portal_ice_cave_rime
Ossuary:  ossuary_zaba_flooded
IceCv:    ice_cave_statue_garden_chambered
